AoeStats
← P4NDY

Arabia

508320638Analyzed
1v1 RM · 11d ago on Sep 21, 2026· 16m 2s· 2 players
Game mode
Random Map
Map size
Tiny (2 player)
Population
200
Speed
Normal
Resources
Standard
Victory
Conquest
Starting age
Dark Age
Ending age
Imperial Age
RankedLock teamsTeams togetherTeam positionsShared explorationLock speedFull tech treeHidden civsTurbo modeCheats
Victory
Defeat
🇦🇷 Franks · Argentina
907
+16
🇨🇴 Burgundians · Colombia
898
-45
P4NDY
9:02 Wheelbarrow
8:58 Double-Bit Axe
14:51 Feudal Age
14:00 Horse Collar
Charizard Bostero
10:08 Feudal Age
8:25 Loom
11:34 Feudal Age
9:50 Loom
12:09 Double-Bit Axe
Connection lost

Rejoining the realm…

Still unreachable

The connection could not be restored.

Session expired

The server has moved on; the page needs a fresh start.